 Dungeon Crawl Stone Soup version 0.28.0-53-g5a82cb258f (webtiles) character file.

Game seed: 9372922638131898967

737 H0rd4k the Cudgeller (level 8, -5/58 HPs)
             Began as a Human Artificer on Aug 4, 2022.
             Was an Initiate of Gozag.
             Slain by an ice beast (10 damage)
             ... on level 6 of the Dungeon.
             The game lasted 00:06:32 (7809 turns).

H0rd4k the Cudgeller (Human Artificer)              Turns: 7809, Time: 00:06:33

Health: -5/58      AC:  3    Str: 12    XL:     8   Next: 4%
Magic:  8/8        EV: 12    Int: 14    God:    Gozag
Gold:   310        SH:  0    Dex: 14    Spells: 7/7 levels left

rFire   . . .      SeeInvis .   f - +0 mace
rCold   . . .      Faith    .   (no shield)
rNeg    . . .      Spirit   .   b - +0 leather armour
rPois   .          Reflect  .   (no helmet)
rElec   .          Harm     .   (no cloak)
rCorr   .          Rampage  .   (no gloves)
Will    .....                   (no boots)
Stlth   +.........              (no amulet)
HPRegen 0.19/turn               (no ring)
MPRegen 0.11/turn               (no ring)

@: no status effects
A: no striking features
a: Renounce Religion, Potion Petition, Call Merchant, Bribe Branch


You were on level 6 of the Dungeon.
You worshipped Gozag.
Gozag was aware of your devotion.
You visited 2 branches of the dungeon, and saw 7 of its levels.

You collected 362 gold pieces.
You paid 52 gold pieces to Gozag.

Inventory:

Hand Weapons
 f - a +0 mace (weapon)
Missiles
 d - 2 throwing nets
 p - 5 poisoned darts
Armour
 b - a +0 leather armour (worn)
Jewellery
 t - a ring of protection from cold
 w - an amulet of regeneration
Wands
 l - a wand of iceblast (8)
 q - a wand of acid (2)
Scrolls
 c - a scroll of torment {unknown}
 i - 5 scrolls of amnesia {unknown}
 j - 5 scrolls of identify {unknown}
 n - a scroll of blinking {unknown}
 o - a scroll of fog {unknown}
 r - a scroll of noise {unknown}
 s - a scroll of immolation {unknown}
 u - a scroll of magic mapping {unknown}
Potions
 a - a potion of invisibility {unknown}
 g - a potion of degeneration {unknown}
 h - 2 potions of might
 k - 2 potions of lignification {unknown}
 m - a potion of curing
 v - a potion of attraction {unknown}
Miscellaneous
 e - a piece from Xom's chessboard (15/15)


   Skills:
 + Level 3.5 Fighting
 + Level 5.2 Maces & Flails
 - Level 2.0 Armour
 + Level 3.3 Dodging
 - Level 1.0 Stealth
 + Level 4.8 Evocations


You had 7 spell levels left.
You didn't know any spells.
Your spell library contained the following spells:

 Spells                   Type           Power      Damage    Failure   Level
 Call Canine Familiar     Summ           0%         N/A       73%         3
 Gell's Gravitas          Tloc           0%         N/A       73%         3
 Portal Projectile        Hex/Tloc       0%         N/A       73%         3
 Teleport Other           Tloc           0%         N/A       73%         3
 Leda's Liquefaction      Hex/Erth       0%         N/A       98%         4
 Dispersal                Tloc           0%         N/A       100%        6


Dungeon Overview and Level Annotations

Branches:
Dungeon (6/15)             Temple (1/1) D:4

Altars:
Ashenzari
Elyvilon
Gozag
Makhleb
Nemelex Xobeh
Qazlal
Trog
Uskayaw
Vehumet
Wu Jian
Xom
Yredelemnul

Shops:
D:6 ?

Annotations:
D:4 1 runed translucent door, exclusion: door, Condegh's ghost, amateur DgEE
D:5 1 runed translucent door, exclusions: door and upstairs, Placeboclown's ghost, novice OpCA


Message History

w - an amulet of regeneration An ice beast comes into view.
An ice beast is nearby!
An ice beast is nearby!
An ice beast is nearby!
You barely miss the ice beast. The ice beast barely misses you.
The ice beast hits you. The ice beast freezes you!
You hit the ice beast but do no damage. The ice beast misses you.
You hit the ice beast.
The ice beast is lightly wounded.
The ice beast closely misses you.
You closely miss the ice beast.
The ice beast is lightly wounded.
The ice beast hits you. The ice beast freezes you.
You completely miss the ice beast.
The ice beast is lightly wounded.
The ice beast barely misses you.
You barely miss the ice beast.
The ice beast is lightly wounded.
The ice beast barely misses you.
Aiming: Corrosive Bolt
Press: ? - help, Shift-Dir - straight line, f - ice beast
Aim: an ice beast (lightly wounded, 74% to hit)
The bolt of acid hits the ice beast!
The acid corrodes the ice beast!
The ice beast is heavily wounded.
The ice beast hits you. The ice beast freezes you!
Unknown command.
You hit the ice beast.
The ice beast is heavily wounded.
The ice beast barely misses you. The ice beast hits you.
* * * LOW HITPOINT WARNING * * *
The ice beast freezes you!
* * * LOW HITPOINT WARNING * * *
You barely miss the ice beast.
The ice beast is heavily wounded.
The ice beast hits you.
* * * LOW HITPOINT WARNING * * *
The ice beast freezes you!
You die...
Your body crumbles into a pile of gold.

#§≈≈≈#.###.#
'≈⌠.≈#..##.#
'≈_>≈#.....#
#≈≈≈≈#.##### ######.#
### .......# #..
.###.#.# #.# .....#.#
#Y# ###..[.# #@#
....#<.#### #.#
....#.....######.#
..#####..........#
....#...#.#####..#
....#..##...........
.##...###.###....####
.####.###.###.##.# .#
#.........##.#


You could see an ice beast (corroded).

Vanquished Creatures
  A black bear (D:6)
  A scorpion (D:5)
  A water moccasin skeleton (D:5)
  2 howler monkeys (D:5)
  A bullfrog zombie (D:6)
  A centaur zombie (D:6)
  An orc priest (D:3)
  A jelly (D:5)
  An iguana (D:5)
  A hound skeleton (D:4)
  3 gnolls (D:5)
  4 adders
  A white imp (D:4)
  4 worms (D:2)
  2 orcs (D:3)
  6 endoplasms
  A giant cockroach (D:1)
  7 goblins
  2 hobgoblins
  2 quokkas
  4 frilled lizards
  6 kobolds
  A rat (D:3)
54 creatures vanquished.

Vanquished Creatures (collateral kills)
  An ogre (D:5)
  A necrophage (D:4)
  A gnoll (D:5)
  A worm (D:4)
  2 orcs (D:3)
  A bat (D:2)
  A giant cockroach (D:2)
  A quokka (D:5)
  A kobold (D:3)
10 creatures vanquished.

Vanquished Creatures (others)
  A howler monkey skeleton (D:6)
  A ball python (D:3)
2 creatures vanquished.

Grand Total: 66 creatures vanquished

Notes
Turn   | Place    | Note
-------+----------+-------------------------------------------
     0 | D:1      | H0rd4k the Human Artificer began the quest for the Orb.
     0 | D:1      | Reached XP level 1. HP: 15/15 MP: 1/1
   553 | D:1      | Reached XP level 2. HP: 19/21 MP: 2/2
  1760 | D:2      | Reached XP level 3. HP: 26/26 MP: 3/3
  1778 | D:2      | Reached skill level 1 in Maces & Flails
  2609 | D:3      | Reached XP level 4. HP: 25/32 MP: 4/4
  2701 | D:3      | Found a faded altar of an unknown god.
  2780 | D:3      | Reached skill level 2 in Maces & Flails
  4025 | D:4      | Found a runed translucent door.
  4025 | D:4      | Noticed Condegh's ghost (amateur DgEE)
  4032 | D:4      | Reached XP level 5. HP: 29/37 MP: 5/5
  4102 | D:4      | Found a staircase to the Ecumenical Temple.
  4104 | D:4      | Noticed a necrophage
  4216 | D:4      | Killed a necrophage
  4217 | D:4      | Reached skill level 3 in Maces & Flails
  4243 | D:4      | Noticed a phantom
  4281 | Temple   | Entered the Ecumenical Temple
  4474 | Temple   | Became a worshipper of Gozag Ym Sagoz the Greedy
  4506 | D:5      | Entered Level 5 of the Dungeon
  4597 | D:5      | Reached XP level 6. HP: 8/44 MP: 6/6
  5129 | D:5      | Found a runed translucent door.
  5131 | D:5      | Noticed Placeboclown's ghost (novice OpCA)
  5193 | D:5      | Found a bloodstained altar of Trog.
  5208 | D:5      | Reached skill level 4 in Maces & Flails
  5405 | D:5      | Found a stormy altar of Qazlal.
  5629 | D:5      | Noticed an ogre
  5923 | D:5      | Killed an ogre
  5924 | D:5      | Reached XP level 7. HP: 33/51 MP: 7/7
  6833 | D:5      | Found a sparkling altar of Nemelex Xobeh.
  7506 | D:6      | Reached skill level 5 in Maces & Flails
  7563 | D:6      | Reached XP level 8. HP: 54/58 MP: 8/8
  7638 | D:6      | Found Uxteud's Magic Scroll Shop.
  7753 | D:6      | Found a burning altar of Makhleb.
  7809 | D:6      | Slain by an ice beast

Illustrated notes

Levels and vault maps discovered:
D:1:      beargit_arrival_greenhouse, layout_loops_corners
D:2:      layout_basic, st_stairs_6, kennysheep_crisscross, amethyst_killhole,
          minmay_misc_feat_secret_circle
D:3:      layout_basic, chequers_ecumenical_altar_island
D:4:      layout_cave_pods, minmay_temple_entry_statues_pillars,
          hellmonk_ghost_happy_afterlife
D:5:      layout_gridville, mainiacjoe_overflow_small_starburst,
          nemelex_dance_club_becter, lemuel_doored_altar, gammafunk_ghost_grave
D:6:      layout_loops_ring, general_overflow_altar, serial_shops,
          kennysheep_little_box
Temple:   nicolae_temple_elliptical

Skill      XL: |  1  2  3  4  5  6  7 |
---------------+----------------------+-----
Maces & Flails | 1 2 3 4 5 |  5.2
Evocations     | 4 |  4.8
Fighting       | 2 3 |  3.5
Dodging        | 2 3 |  3.3
Armour         | |  2.0
Stealth        | |  1.0

Action                   |  1- 3 |  4- 6 |  7- 9 || total
-------------------------+-------+-------+-------++-------
Melee: Club              |    15 |       |       ||    15
       Mace              |    65 |   106 |    61 ||   232
       Punch             |     2 |     1 |       ||     3
Evoke: Wand              |    16 |    10 |    11 ||    37
  Use: Potion            |       |       |     1 ||     1
 Stab: Sleeping          |     2 |     1 |       ||     3
Armor: Leather armour    |    13 |    18 |    12 ||    43
Dodge: Dodged            |    52 |    74 |    72 ||   198
